 Dungeon Crawl Stone Soup version 0.30.0-29-ga12c61a403 (webtiles) character file.

Game seed: 3893112425768270878

4246 Nicoed the Severer (level 10, -9/85 HPs)
             Began as a Minotaur Fighter on June 12, 2023.
             Mangled by a sixfirhy (12 damage)
             ... summoned by a kobold demonologist
             ... on level 9 of the Dungeon.
             The game lasted 00:10:05 (8472 turns).

Nicoed the Severer (Minotaur Fighter)               Turns: 8472, Time: 00:10:05

Health: -9/85      AC: 15    Str: 26    XL:     10   Next: 9%
Magic:  9/9        EV:  8    Int:  5    God:
Gold:   508        SH:  5    Dex: 15    Spells: 9/9 levels left

rFire   + . .        o - +2 hand axe (freeze)
rCold   + . .        c - +0 buckler
rNeg    . . .        k - +0 chain mail
rPois   .            (helmet restricted)
rElec   .            p - scarf {rC+ rF+}
rCorr   .            l - +1 pair of gloves
SInv    .            (no boots)
Will    .....        (no amulet) Stlth
                     y - +4 ring of protection
HPRegen 0.34/turn    q - +6 ring of dexterity
MPRegen 0.11/turn

%: no passive effects
@: no status effects
A: horns 2, retaliatory headbutt, mutation resistance 1, robust 1
a: no special abilities


You were on level 9 of the Dungeon.
You visited 2 branches of the dungeon, and saw 10 of its levels.

You collected 528 gold pieces.
You spent 20 gold pieces at shops.

Inventory:

Hand Weapons
 o - a +2 hand axe of freezing (weapon)
 E - a +2 war axe
Armour
 c - a +0 buckler (worn)
 k - a +0 chain mail (worn)
 l - a +1 pair of gloves (worn)
 p - a scarf of resistance (worn)
Jewellery
 a - a ring of protection from fire
 q - a +6 ring of dexterity (right hand)
 y - a +4 ring of protection (left hand)
 F - a ring of positive energy
 G - a ring of resist corrosion
Wands
 w - a wand of roots (19)
 x - a wand of charming (9)
 D - a wand of digging (5)
Scrolls
 f - 3 scrolls of identify
 g - a scroll of enchant weapon
 h - a scroll of fear
 i - 3 scrolls of blinking
 j - 2 scrolls of teleportation
 m - a scroll of brand weapon
 t - 2 scrolls of amnesia
 u - a scroll of fog
 v - 2 scrolls of immolation
 H - a scroll of noise
 I - a scroll of torment
 J - a scroll of summoning {unknown}
Potions
 b - a potion of heal wounds
 d - 3 potions of might
 e - 7 potions of mutation
 n - 3 potions of flight
 r - 2 potions of berserk rage
 s - a potion of resistance
 z - a potion of ambrosia
 A - a potion of attraction
 B - 3 potions of curing
 C - a potion of haste


   Skills:
 - Level 4.0 Fighting
 + Level 16.9 Axes
 - Level 4.0 Armour
 - Level 4.0 Shields


You had 9 spell levels left.
You didn't know any spells.
Your spell library contained the following spells:

 Spells                   Type           Power      Damage    Failure   Level
 Slow                     Hex            0%         N/A       97%         1
 Sting                    Tmut/Pois      0%         1d3       97%         1
 Ensorcelled Hibernation  Hex/Ice        0%         N/A       99%         2
 Passwall                 Tmut/Erth      0%         N/A       99%         2
 Poisonous Vapours        Pois/Air       0%         N/A       99%         2
 Confusing Touch          Hex            0%         N/A       100%        3
 Portal Projectile        Hex/Tloc       0%         N/A       100%        3
 Swiftness                Air            0%         N/A       100%        3
 Tukima's Dance           Hex            0%         N/A       100%        3
 Vampiric Draining        Necr           0%         2d6       100%        3
 Olgreb's Toxic Radiance  Pois           0%         N/A       100%        4
 Blade Hands              Tmut           0%         N/A       100%        5


Dungeon Overview and Level Annotations

Branches:
Dungeon (9/15)             Temple (1/1) D:6            Lair (0/5) D:8
    Orc: D:9-12

Altars:
Ashenzari
Cheibriados
Dithmenos
Elyvilon
Gozag
Hepliaklqana
Kikubaaqudgha
Makhleb
Nemelex Xobeh
Ru
Sif Muna
Trog
Uskayaw
Wu Jian
Xom
Zin
The Shining One

Shops:
D:1 *


Innate Abilities, Weirdness & Mutations

You have a pair of horns on your head.
You reflexively headbutt those who attack you in melee.
You are somewhat resistant to further mutation.
You are robust. (+10% HP)


Message History

No target in view!
Done exploring.
Search for what [Enter for "."]? .
There is a stone staircase leading down here.
You climb downwards.
There is a stone staircase leading up here.
Found 6 stones.
A kobold demonologist and a kobold come into view.
The kobold demonologist shouts!
The kobold shouts!
You hear a shout!
The kobold demonologist gestures wildly while chanting.
A kobold comes into view. It is wielding a +0 club.
There are monsters nearby!
A kobold comes into view. It is wielding a +0 dagger.
The kobold shouts! x2; The orange demon screeches!
A kobold comes into view. It is wielding a +0 short sword.
Unknown command.
A kobold demonologist comes into view. It is wielding a +0 dagger.
The kobold demonologist shouts!
The kobold shouts!
Unknown command.
The kobold demonologist mumbles some strange words.
The kobold demonologist begins to cast a cantrip, but forgets the words!
The sixfirhy hits you but does no damage.
The kobold throws a stone.
The stone hits you but does no damage.
The kobold demonologist looks encouraged for a moment.
The sixfirhy hits you but does no damage.
The sixfirhy hits you. The sixfirhy shocks you!
The sixfirhy closely misses you. The sixfirhy hits you.
The sixfirhy shocks you! The sixfirhy attacks as you move away!
The sixfirhy hits you. The sixfirhy shocks you!
There is a stone staircase leading up here.
The sixfirhy hits you but does no damage.
The sixfirhy hits you. The sixfirhy shocks you! The sixfirhy hits you!
* * * LOW HITPOINT WARNING * * *
The sixfirhy shocks you!
* * * LOW HITPOINT WARNING * * *
The sixfirhy hits you.
* * * LOW HITPOINT WARNING * * *
The sixfirhy shocks you!
You die...

##########
#........#........#
#........#........#
#........#........#
#........#........#
#........#........#
#........#........#
#........#........#
#....@...#........#
#....3...#........#
####....##........#
#.K............#
#...4..........#
#.....K....(...#
#..............#
#......K.K.....#
#..............#


You could see an orange demon (summoned), a kobold demonologist, a sixfirhy
(summoned) and 3 kobolds.

Vanquished Creatures
  Joseph (D:8)
  Grinder (D:3)
  A wyvern (D:8)
  4 yaks (D:8)
  A water moccasin (D:8)
  5 black bears
  2 ice beasts (D:5)
  2 centaurs
  A phantom (D:4)
  2 kobold brigands (D:8)
  A gnoll sergeant (D:6)
  4 scorpions
  2 bullfrogs
  9 wights
  2 hounds
  6 orc priests
  2 jellies (D:5)
  Jessica (D:2)
  2 gnoll boudas
  5 iguanas
  10 orc wizards
  10 gnolls
  9 adders
  An ufetubus (D:4)
  4 worms
  3 dart slugs
  19 orcs
  6 endoplasms
  A giant cockroach (D:3)
  13 goblins
  7 hobgoblins
  2 quokkas (D:1)
  12 ball pythons
  3 bats
  2 frilled lizards
  20 kobolds
  4 rats
180 creatures vanquished.

Notes
Turn   | Place    | Note
-------+----------+-------------------------------------------
     0 | D:1      | Nicoed the Minotaur Fighter began the quest for the Orb.
     0 | D:1      | Reached XP level 1. HP: 19/19 MP: 0/0
   131 | D:1      | Reached XP level 2. HP: 27/27 MP: 1/1
   229 | D:1      | Found Jiennet's Assorted Antiques.
   236 | D:1      | Bought a fizzy inky potion for 20 gold pieces
   333 | D:1      | Reached skill level 3 in Axes
  1014 | D:2      | Reached XP level 3. HP: 33/33 MP: 2/2
  1189 | D:2      | Noticed Jessica
  1195 | D:2      | Reached skill level 4 in Axes
  1206 | D:2      | Killed Jessica
  1207 | D:2      | Reached XP level 4. HP: 25/40 MP: 3/3
  1445 | D:2      | Reached skill level 5 in Axes
  2132 | D:3      | HP: 1/40 [orc priest/divine providence (13)]
  2133 | D:3      | Reached XP level 5. HP: 1/46 MP: 4/4
  2133 | D:3      | Gained mutation: You are somewhat resistant to further
                  | mutation. [potion of mutation]
  2133 | D:3      | Gained mutation: You are robust. (+10% HP) [potion of
                  | mutation]
  2151 | D:3      | Reached skill level 6 in Axes
  2340 | D:3      | Noticed a black bear
  2347 | D:3      | Killed a black bear
  2348 | D:3      | Reached skill level 7 in Axes
  2348 | D:3      | Reached XP level 6. HP: 50/57 MP: 5/5
  2406 | D:3      | Found a faded altar of an unknown god.
  2501 | D:3      | Noticed Grinder
  2516 | D:3      | Killed Grinder
  2517 | D:3      | Reached skill level 8 in Axes
  2517 | D:3      | Reached XP level 7. HP: 50/64 MP: 6/6
  2564 | D:2      | Reached skill level 9 in Axes
  3032 | D:4      | Found a shimmering altar of Xom.
  3155 | D:4      | Reached skill level 10 in Axes
  3863 | D:4      | Found a hide-covered altar of Uskayaw.
  3909 | D:5      | Entered Level 5 of the Dungeon
  3931 | D:5      | Found a snail-covered altar of Cheibriados.
  3943 | D:5      | Found a broken altar of Ashenzari.
  3998 | D:5      | Reached skill level 11 in Axes
  3998 | D:5      | Reached XP level 8. HP: 72/72 MP: 7/7
  4455 | D:5      | Reached skill level 12 in Axes
  4847 | D:5      | Found a white marble altar of Elyvilon.
  5404 | D:6      | Reached skill level 13 in Axes
  5642 | D:6      | Found a staircase to the Ecumenical Temple.
  5681 | Temple   | Entered the Ecumenical Temple
  6106 | D:6      | Reached XP level 9. HP: 78/78 MP: 8/8
  6251 | D:7      | Reached skill level 14 in Axes
  6369 | D:7      | Found a hazy altar of Hepliaklqana.
  6686 | D:7      | Found an ornate altar of the Wu Jian Council.
  6772 | D:7      | Found a shimmering blue altar of Sif Muna.
  6871 | D:7      | Found a burning altar of Makhleb.
  7042 | D:8      | Noticed Joseph
  7229 | D:7      | Reached skill level 15 in Axes
  7851 | D:8      | Found a staircase to the Lair.
  7965 | D:8      | Found an opulent altar of Gozag.
  8003 | D:8      | Reached skill level 16 in Axes
  8074 | D:8      | Killed Joseph
  8228 | D:8      | Reached XP level 10. HP: 78/85 MP: 9/9
  8457 | D:9      | Noticed an orange demon
  8463 | D:9      | Noticed a sixfirhy
  8472 | D:9      | HP: 3/85 [sixfirhy[a kobold demonologist] (5)]
  8472 | D:9      | Mangled by a sixfirhy

Illustrated notes

Levels and vault maps discovered:
D:1:      pf_arrival_petrified_forest, layout_basic, serial_shops,
          nicolae_square_shop
D:2:      layout_basic, hangedman_abyss_or_decor_lesser_grid, uniq_jessica
D:3:      layout_loops_ring, dreamdust_ecumenical_altar_angels_and_demons,
          guppyfry_early_orc_mine, uniq_grinder
D:4:      minmay_opposing_rooms, layout_basic, mainiacjoe_overflow_boulevard,
          nicolae_uskayaw_suspiria, eino_tiny_chamber
D:5:      layout_layer_cave, grunt_temple_overflow_open, general_overflow_altar,
          corexii_leaking_fountain, sigmund_army
D:6:      layout_gridville, minmay_temple_entry_drinking_statues
D:7:      layout_loops_cross, lemuel_tele_altar,
          pdpol_wu_jian_five_deadly_venoms, nicolae_overflow_crystal_walls,
          nicolae_sif_muna_condensation
D:8:      layout_gridville, nicolae_gozag_cash_rules_everything_around_me,
          lair_entry_dummy, uniq_joseph
D:9:      layout_grid_maze, chequers_temple_overflow_statue_of_worship,
          nicolae_transporter_circle, uniq_erica
Temple:   hellmonk_temple_two_chambers

Skill      XL: |  1  2  3  4  5  6  7  8  9 |
---------------+----------------------------+-----
Fighting       | 4 |  4.0
Armour         | 4 |  4.0
Shields        | 4 |  4.0
Axes           | 3 4 5 7 8 11 13 16 | 16.9

Action                     |  1- 3 |  4- 6 |  7- 9 | 10-12 || total
---------------------------+-------+-------+-------+-------++-------
  Melee: War axe           |    54 |    47 |       |       ||   101
         Headbutt          |     7 |     7 |    49 |     4 ||    67
         Hand axe          |       |    59 |   324 |    11 ||   394
    Use: Potion            |       |     3 |     1 |       ||     4
         Scroll            |       |       |    16 |       ||    16
 Armour: Scale mail        |     9 |       |       |       ||     9
         Chain mail        |    11 |    62 |   137 |     6 ||   216
  Dodge: Dodged            |    20 |    31 |   110 |     2 ||   163
  Block: Buckler           |    14 |    15 |    49 |     1 ||    79
